Selects Panzerjäger Kommand Battlegroup
Selects Blockade Equipment
Construct Light Support Kompanie
Selects Defensive Positions
Construct Panzerarmee Kommand
Walking Stuka Rocket Launcher
Walking Stuka Rocket Launcher
Walking Stuka Rocket Launcher
Pak 38 Anti-tank Gun Team
Walking Stuka Rocket Launcher
Selects Butterfly Bomb Drop
Walking Stuka Rocket Launcher
Walking Stuka Rocket Launcher
Flak 36 Anti-tank Gun Team